AoeStats
← a.arias.age

Nomad

509752792Analyzed
3v3 RM · 3d ago on Sep 27, 2026· 50m 20s· 6 players
Game mode
Random Map
Map size
210×210
Population
200
Speed
Normal
Resources
Standard
Victory
Conquest
Starting age
Dark Age
Ending age
Imperial Age
RankedLock teamsTeams togetherTeam positionsShared explorationLock speedFull tech treeHidden civsTurbo modeCheats
Victory
Defeat
🇪🇸 Varangians · Spain
1202
+14
🇪🇸 Vikings · Spain
1180
+15
🇪🇸 Bulgarians · Spain
1106
+19
🇦🇷 Dravidians · Argentina
1191
-17
🇦🇷 Spanish · Argentina
1178
-17
🇦🇷 Vietnamese · Argentina
1122
-14
Trinidad
3:42 Loom
17:33 Feudal Age
21:15 Scale Barding Armor
21:22 Forging
23:23 Double-Bit Axe
24:46 Wheelbarrow
30:40 Castle Age
28:38 Horse Collar
29:32 Bloodlines
32:59 Hand Cart
32:56 Bow Saw
48:14 Imperial Age
46:19 Gold Mining
46:25 Stone Mining
47:45 Chain Barding Armor
47:48 Husbandry
48:47 Iron Casting
48:03 Fletching
DS_Jaspe
6:11 Loom
13:50 Feudal Age
18:34 Castle Age
16:39 Fishing Lines
17:49 Double-Bit Axe
18:32 Gold Mining
20:33 Gold Shaft Mining
20:07 Fletching
20:38 Gillnets
25:52 Elite Skirmisher
29:01 Bodkin Arrow
29:06 Padded Archer Armor
33:11 Padded Archer Armor
33:24 Horse Collar
35:17 Forging
35:12 Scale Barding Armor
35:52 Leather Archer Armor
36:04 Scale Mail Armor
39:11 Iron Casting
38:51 Chain Mail Armor
43:37 Imperial Age
42:29 Bow Saw
45:25 Blast Furnace
44:26 Bracer
44:56 Ring Archer Armor
44:56 Plate Mail Armor
44:50 Conscription
43:58 Capped Ram
45:28 Elite Berserk
47:13 Chain Barding Armor
47:24 Plate Mail Armor
48:51 Ballistics
49:31 Chemistry
48:52 Squires
48:37 Arson
48:52 Squires
49:23 Masonry
49:19 Siege Engineers
49:09 Murder Holes
48:54 Treadmill Crane
49:34 Crossbowman
a.arias.age
7:36 Loom
12:45 Feudal Age
16:57 Double-Bit Axe
21:08 Castle Age
19:26 Bloodlines
19:42 Forging
19:38 Scale Barding Armor
20:11 Fishing Lines
20:38 Horse Collar
23:20 Iron Casting
25:52 Chain Barding Armor
26:45 Husbandry
29:15 Wheelbarrow
30:14 Gillnets
31:54 Hand Cart
32:32 Town Watch
33:28 Bow Saw
33:21 Heavy Plow
37:00 Ballistics
39:15 Imperial Age
37:47 Medium Warships
38:14 Vendel Legacy
41:05 Plate Barding Armor
40:54 Fletching
42:22 Cavalier
45:56 Padded Archer Armor
48:13 Elite Skirmisher
49:57 Blast Furnace
49:32 Bodkin Arrow
51:37 Chemistry
Cocodelich
4:45 Loom
13:55 Feudal Age
19:12 Double-Bit Axe
19:32 Horse Collar
25:18 Fletching
27:32 Castle Age
27:49 Pikeman
28:34 Squires
31:29 Arson
31:51 Scale Mail Armor
33:29 Crossbowman
34:33 Town Watch
41:42 Bow Saw
42:40 Chain Mail Armor
42:36 Forging
46:54 Heavy Plow
49:43 Imperial Age
49:28 Gold Mining
49:52 Capped Ram
51:23 Plate Mail Armor
El engrillado
3:13 Loom
13:16 Feudal Age
13:51 Double-Bit Axe
18:48 Castle Age
16:37 Horse Collar
21:59 Padded Archer Armor
21:50 Fletching
23:06 Leather Archer Armor
26:19 Pikeman
27:29 Town Watch
29:13 Scale Mail Armor
31:31 Bloodlines
30:45 Light Cavalry
37:45 Wheelbarrow
38:19 Forging
38:52 Heavy Plow
41:28 Imperial Age
40:14 Iron Casting
39:46 Scale Barding Armor
41:40 Husbandry
43:17 Conscription
42:24 Hussar
45:11 Chain Barding Armor
46:12 Bow Saw
46:22 Halberdier
47:27 Chain Mail Armor
48:14 Blast Furnace
49:54 Man-at-Arms
50:21 Gambesons
[TodEs] RastroJueves
5:50 Loom
9:45 Loom
12:00 Feudal Age
12:33 Double-Bit Axe
13:34 Fletching
14:17 Gold Mining
17:33 Horse Collar
23:31 Castle Age
22:27 Padded Archer Armor
24:24 Bodkin Arrow
25:10 Wheelbarrow
25:59 Leather Archer Armor
44:17 Imperial Age
47:01 Thumb Ring
50:13 Bracer
Connection lost

Rejoining the realm…

Still unreachable

The connection could not be restored.

Session expired

The server has moved on; the page needs a fresh start.